 Dungeon Crawl Stone Soup version 0.24-a0-159-gf1ee1cdb4e (webtiles) character file.

Game seed: 4405559702312032668

2939 iameerjio the Fighter (level 9, 0/66 HPs)
             Began as an Octopode Chaos Knight on Mar 5, 2019.
             Was a Believer of Makhleb.
             Slain by a small abomination (12 damage)
             ... on level 2 of the Abyss.
             The game lasted 00:14:54 (8414 turns).

iameerjio the Fighter (Octopode Chaos Knight)       Turns: 8414, Time: 00:14:55

Health: 0/66       AC:  3    Str:  9 (11) XL:     9   Next: 80%
Magic:  9/9        EV: 14    Int: 12 (15) God:    Makhleb [**....]
Gold:   369        SH: 10    Dex: 11 (14) Spells: 8/8 levels left

rFire    . . .     SeeInvis .   i - +5 flail of Wanuj {crush, rElec}
rCold    . . .     Gourm    .   N - +0 shield
rNeg     . . .     Faith    .   (helmet restricted)
rPois    .         Spirit   .   (no amulet)
rElec    +         Reflect  .   (no ring)
rCorr    .         Harm     .   (no ring)
MR       .....     Clarity  +   (no ring)
Stlth    +++.......             (no ring)
HPRegen  0.21/turn              (no ring)
MPRegen  0.11/turn              (no ring)
                                (no ring)
                                (no ring)

@: no status effects
A: almost no armour, stealthy swim, amphibious, 8 rings, constrict 8, icy blue
scales 1, large bone plates 1, camouflage 1, blurry vision 1, clarity,
deterioration 2, wild magic 1, gelatinous body 1
a: Minor Destruction, Renounce Religion


You were on level 2 of the Abyss.
You worshipped Makhleb.
Makhleb was pleased with you.
You were hungry.

You visited 2 branches of the dungeon, and saw 8 of its levels.
You visited the Abyss 1 time.
You also visited: Ossuary.

You collected 369 gold pieces.

Inventory:

Hand Weapons
 a - a +0 short sword of chaos
 e - a +0 flail
 i - the +5 flail of Wanuj (weapon) {crush, rElec}
   (You found it on level 5 of the Dungeon)

   It inflicts extra damage upon your enemies.
   It insulates you from electricity.
 p - a +0 blowgun
 q - a +3 mace
 r - a +0 long sword
 v - a cursed -2 spear
 w - a +1 halberd of venom
 y - a +0 war axe
 M - a +5 dire flail of protection
 O - the +6 shortbow of Ozxaz {venom, *Slow rN+ MR+ Int+2, unknown}
   (You found it on level 6 of the Dungeon)

   It poisons the ammo it fires.
   It affects your intelligence (+2).
   It protects you from negative energy.
   It affects your resistance to hostile enchantments.
   It may slow you when you take damage.
Missiles
 t - 61 poisoned needles
 u - 2 throwing nets (quivered) {!f}
Armour
 N - a +0 shield (worn)
Wands
 J - a wand of disintegration (2)
 P - a wand of polymorph (9)
Scrolls
 c - a scroll of teleportation {@r3}
 j - 2 scrolls of identify {@r1}
 l - a scroll of enchant armour {unknown}
 m - a scroll of magic mapping {unknown}
 o - 7 scrolls of immolation
 s - a scroll of enchant weapon {unknown}
 x - 4 scrolls of amnesia
 z - 2 scrolls of noise {unknown}
 C - 3 scrolls of remove curse {unknown}
 F - 4 scrolls of random uselessness
Potions
 d - a potion of resistance {unknown}
 f - 4 potions of flight {unknown}
 g - a potion of cancellation {unknown}
 h - 5 potions of haste {unknown}
 k - 2 potions of brilliance {unknown}
 n - a potion of might {unknown}
 A - 4 potions of degeneration {unknown}
 B - 3 potions of heal wounds
 D - a potion of ambrosia {unknown}
 E - a potion of berserk rage {unknown}
 G - 6 potions of curing {@q1}
 H - 2 potions of mutation {unknown}
 I - 2 potions of lignification {unknown}
 K - 3 potions of agility {unknown}
 L - a potion of invisibility {unknown}
Comestibles
 b - 7 rations


   Skills:
 - Level 8.0 Fighting
 - Level 3.0 Short Blades
 * Level 7.6 Maces & Flails
 - Level 7.9 Dodging
 - Level 3.0 Stealth
 * Level 0.0 Shields


You had 8 spell levels left.
You didn't know any spells.
Your spell library was empty.

Dungeon Overview and Level Annotations

Branches:
Dungeon (7/15)             Temple (1/1) D:4

Altars:
Ashenzari
Cheibriados
Dithmenos
Elyvilon
Fedhas
Hepliaklqana
Makhleb
Nemelex Xobeh
Okawaru
Qazlal
Ru
Sif Muna
Trog
Uskayaw
Vehumet
Wu Jian
Xom
Yredelemnul
Zin
The Shining One

Annotations:
D:2 1 runed translucent door
D:6 2 transporters, loom's ghost, novice DrMo


Innate Abilities, Weirdness & Mutations

You cannot wear most types of armour.
You are very stealthy in the water. (Stealth+)
You are amphibious.
You can wear up to eight rings at the same time.
You can use your tentacles to constrict eight enemies at once.
Your skin changes colour to match your surroundings (Stealth+).
Your rubbery body absorbs attacks. (AC +1, EV +1)
You are partially covered in icy blue scales. (AC +2)
You are partially covered in large bone plates. (SH +4)
Scrolls take you a little longer to read.
You possess an exceptional clarity of mind.
Your body often deteriorates upon taking damage.
Your spells are a little harder to cast, but a little more powerful.


Message History

The small abomination hits you!
* * * LOW HITPOINT WARNING * * *
Your shield prevents you from hitting the small abomination.
You block the small abomination's attack.
A sixfirhy and an orange demon come into view.
Okay, then.
The cacodemon shouts!
An insubstantial wisp and a large abomination come into view.
An insubstantial wisp comes into view.
The insubstantial wisp moves out of view.
There isn't anything here!
Unknown command.
Really read with blurry vision while enemies are nearby?
Okay, then.
There are monsters nearby!
Really read with blurry vision while enemies are nearby?
You begin reading the scroll.
You continue reading the scroll.
The small abomination hits you!
You die...
Xom roars with laughter!

ยง. # #### #4 ..
... 2# ### # ..
#. # #. . #.#.#
#.#.# #...#
##..#..###..###..
.##.##..#x.....#
#.##. #.@#.#.. .
.. #...###.# ..#
. #.....# ## .. .
##.. ## # .....#
. .#..# .#...#.
.#.# #.. .#.
#.#.#


You could see a cacodemon, an orange demon (wandering) and a small abomination.

Vanquished Creatures
  Grinder (D:3)
  5 yaks (D:7)
  Edmund (D:6)
  Duvessa (D:7)
  A sky beast (D:4)
  An ice beast (D:5)
  A phantom (D:5)
  Dowan (D:7)
  A scorpion (D:6)
  A water moccasin skeleton (D:7)
  2 howler monkeys
  2 centaur zombies
  4 crimson imps
  2 hounds (D:7)
  A human zombie (Ossuary)
  A gnoll shaman (D:7)
  2 orc priests (D:6)
  An iron imp (Abyss:2)
  A jelly (D:6)
  2 bullfrog skeletons (D:5)
  Jessica (D:2)
  3 worker ants
  10 orc wizards
  A hound zombie (D:6)
  4 mummies (Ossuary)
  A worker ant zombie (D:5)
  11 gnolls
  13 adders
  A shadow imp (D:7)
  An adder zombie (D:6)
  A dart slug (D:3)
  5 leopard geckos
  18 orcs
  6 bats
  5 giant cockroaches
  7 goblins
  9 hobgoblins
  4 jackals (D:3)
  9 kobolds
  4 quokkas
  A ball python (D:3)
  6 frilled lizards
  2 goblin zombies (Ossuary)
  2 hobgoblin zombies (Ossuary)
  A jackal zombie (D:2)
  A kobold skeleton (D:2)
  A leopard gecko skeleton (D:4)
  2 orc zombies (Ossuary)
  6 rats
168 creatures vanquished.

Vanquished Creatures (collateral kills)
  An orc wizard (D:4)
1 creature vanquished.

Grand Total: 169 creatures vanquished

Notes
Turn   | Place    | Note
-------+----------+-------------------------------------------
     0 | D:1      | iameerjio the Octopode Chaos Knight began the quest for the
                  | Orb.
     0 | D:1      | Reached XP level 1. HP: 16/16 MP: 1/1
    14 | D:1      | Reached skill level 1 in Stealth
   123 | D:1      | Reached XP level 2. HP: 21/21 MP: 2/2
   547 | D:1      | Reached XP level 3. HP: 25/26 MP: 3/3
   782 | D:2      | Found a runed translucent door.
   782 | D:2      | Noticed a human
   786 | D:2      | Found a basalt altar of Yredelemnul.
   866 | D:2      | Found a blossoming altar of Fedhas.
   867 | D:2      | Noticed Jessica
   872 | D:2      | Killed Jessica
   883 | D:2      | Reached XP level 4. HP: 22/31 MP: 4/4
   928 | D:2      | XOM: harmless Air miscast
  1187 | D:2      | XOM: scenery: create altars
  1697 | D:3      | XOM: scenery: create altars
  1706 | D:3      | Reached XP level 5. HP: 33/37 MP: 5/5
  2072 | D:3      | Noticed Grinder
  2080 | D:3      | XOM: cleaving
  2082 | D:3      | Killed Grinder
  2082 | D:3      | Reached skill level 4 in Fighting
  2082 | D:3      | Reached skill level 5 in Dodging
  2082 | D:3      | Reached XP level 6. HP: 25/44 MP: 6/6
  2338 | D:3      | XOM: 2-stop teleportation journey
  3017 | D:3      | XOM: give mutations
  3017 | D:3      | Gained mutation: One of your tentacles bears a spike.
                  | [Xom's grace]
  3017 | D:3      | Gained mutation: You are robust. (+10% HP) [Xom's grace]
  3017 | D:3      | Gained mutation: You are partially covered in large bone
                  | plates. (SH +4) [Xom's grace]
  3017 | D:3      | Gained mutation: Your spells are a little harder to cast,
                  | but a little more powerful. [Xom's grace]
  3459 | D:4      | XOM: enchant monster (bad)
  3698 | D:4      | Reached XP level 7. HP: 36/53 MP: 7/7
  3924 | D:4      | Reached skill level 5 in Fighting
  4342 | D:4      | Found a staircase to the Ecumenical Temple.
  4425 | Temple   | Entered the Ecumenical Temple
  4494 | Temple   | Fell from the grace of Xom
  4494 | Temple   | Became a worshipper of Makhleb the Destroyer
  4531 | D:5      | Entered Level 5 of the Dungeon
  4617 | D:5      | XOM: mild Conj miscast
  4652 | D:5      | Got an encrusted flail
  4655 | D:5      | Identified the +5 flail of Wanuj {crush, rElec} (You found
                  | it on level 5 of the Dungeon)
  4655 | D:5      | Found a sacrificial altar of Ru.
  4655 | D:5      | Found a shadowy altar of Dithmenos.
  4655 | D:5      | Found a hide-covered altar of Uskayaw.
  4655 | D:5      | XOM: 2-stop teleportation journey
  4667 | D:5      | Reached XP level 8. HP: 44/62 MP: 8/8
  4670 | D:5      | Reached skill level 6 in Fighting
  4690 | D:5      | Found a shattered altar of Ashenzari.
  4701 | D:5      | Reached skill level 1 in Maces & Flails
  4728 | D:5      | Found a sand-covered staircase.
  4737 | Ossuary  | Entered an ossuary
  4793 | Ossuary  | XOM: give mutations
  4793 | Ossuary  | Lost mutation: You are robust. (+10% HP) [Xom's mischief]
  4793 | Ossuary  | Lost mutation: One of your tentacles bears a spike. [Xom's
                  | mischief]
  4793 | Ossuary  | Gained mutation: You have a pair of small antennae on your
                  | head. [Xom's mischief]
  4859 | Ossuary  | Reached * piety under Makhleb
  4924 | Ossuary  | XOM: give mutations
  4924 | Ossuary  | Gained mutation: Scrolls take you a little longer to read.
                  | [Xom's mischief]
  4924 | Ossuary  | Lost mutation: You have a pair of small antennae on your
                  | head. [Xom's mischief]
  4924 | Ossuary  | Gained mutation: You possess an exceptional clarity of
                  | mind. [Xom's mischief]
  4924 | Ossuary  | Gained mutation: Your body sometimes deteriorates upon
                  | taking damage. [Xom's mischief]
  4995 | Ossuary  | XOM: mild Tloc miscast
  5619 | D:5      | XOM: noise
  5801 | D:5      | XOM: mild Erth miscast
  5818 | D:5      | XOM: severe Necr miscast
  5834 | D:5      | XOM: give mutations
  5834 | D:5      | Gained mutation: Your body often deteriorates upon taking
                  | damage. [Xom's mischief]
  5834 | D:5      | Gained mutation: You are partially covered in icy blue
                  | scales. (AC +2) [Xom's mischief]
  5911 | D:5      | XOM: summons 11 hostile demons
  5991 | D:4      | XOM: god gift: viscous emerald potion {god gift}
  6256 | D:5      | XOM: medium Summ miscast
  6339 | D:5      | XOM: medium Chrm miscast
  6507 | D:5      | XOM: stat loss: -3 Str (7/11)
  6648 | D:6      | Noticed Edmund
  6656 | D:6      | Killed Edmund
  6656 | D:6      | Reached skill level 7 in Fighting
  6707 | D:6      | XOM: 3-stop teleportation journey
  6737 | D:6      | Found a transporter.
  6763 | D:6      | Reached skill level 5 in Maces & Flails
  6939 | D:6      | Noticed loom's ghost (novice DrMo)
  7039 | D:6      | Found a transporter.
  7044 | D:6      | Reached XP level 9. HP: 64/64 MP: 9/9
  7056 | D:6      | Got a scorched shortbow
  7071 | D:6      | XOM: mild Pois miscast
  7441 | D:7      | Reached skill level 8 in Fighting
  7529 | D:7      | XOM: medium Tloc miscast
  8032 | D:7      | Reached ** piety under Makhleb
  8095 | D:7      | Noticed Duvessa
  8097 | D:7      | Noticed Dowan
  8103 | D:7      | Killed Duvessa
  8104 | D:7      | Killed Dowan
  8257 | D:7      | Noticed a wizard
  8260 | D:7      | Noticed a wizard
  8261 | D:7      | Paralysed by a wizard for 2 turns
  8268 | D:7      | Cast into level 2 of the Abyss (a wizard)
  8283 | Abyss:2  | Found a corrupted altar of Lugonu.
  8331 | Abyss:2  | Noticed a smoke demon
  8334 | Abyss:2  | Noticed a starcursed mass
  8362 | Abyss:2  | Found a hazy altar of Hepliaklqana.
  8363 | Abyss:2  | Noticed a starcursed mass
  8411 | Abyss:2  | Noticed a cacodemon
  8411 | Abyss:2  | Noticed an orange demon
  8411 | Abyss:2  | Noticed a sixfirhy
  8414 | Abyss:2  | Slain by a small abomination

Levels and vault maps discovered:
D:1:      dpeg_arrival_orchard, layout_rooms
D:2:      layout_basic, overflow_temple_1_default, dk_yredelemnul_ordeal,
          uniq_jessica
D:3:      layout_rooms, serial_bayou_ford_a, uniq_grinder
D:4:      layout_rooms, minmay_temple_entry_junction, first_ration
D:5:      layout_basic, grunt_temple_overflow_open,
          nicolae_ossuary_entry_monument, cheibrodos_ashenzari_chains
D:6:      layout_rooms, gammafunk_ghost_stat_death, nrook_mini_vaults,
          uniq_edmund
D:7:      cheibrodos_wizards_tower, layout_basic, uniq_duvessa
Temple:   kb_temple_of_zot
Abyss:2:  hangedman_shadowy_showcase
Ossuary:  ossuary_crypta

Skill      XL: |  1  2  3  4  5  6  7  8  9 |
---------------+----------------------------+-----
Stealth        | 2 3 |  3.0
Dodging        | 3 4 5 7 |  7.9
Fighting       | 4 5 7 8 |  8.0
Maces & Flails | 5 7 |  7.6
Short Blades   | |  3.0

Action                   |  1- 3 |  4- 6 |  7- 9 || total
-------------------------+-------+-------+-------++-------
Melee: Short sword       |    43 |   112 |    37 ||   192
       Constrict         |    10 |    30 |    45 ||    85
       Tentacles         |     6 |    18 |    39 ||    63
       Kick              |       |     8 |    18 ||    26
       Halberd           |       |       |    17 ||    17
       Flail             |       |       |   145 ||   145
       Dire flail        |       |       |    64 ||    64
Evoke: Wand              |       |       |     9 ||     9
  Use: Potion            |       |     5 |     3 ||     8
       Scroll            |       |       |     5 ||     5
 Stab: Sleeping          |     5 |     7 |    21 ||    33
       Petrifying        |     1 |       |       ||     1
       Paralysed         |       |     1 |     1 ||     2
  Eat: Chunk             |       |     5 |     8 ||    13
       Ration            |       |     1 |     2 ||     3
Armor: Skin              |     1 |     9 |    28 ||    38
Dodge: Dodged            |    26 |    87 |   185 ||   298
Block: Other             |       |     1 |    36 ||    37
       Shield            |       |       |     3 ||     3

Table legend:
 A = Non-vault XP
 B = Vault XP
 C = Vault XP percentage of total XP
 D = Non-vault monster count
 E = Vault monster count
 F = Vault count percentage of total count
                 A         B        C        D         E       F
            +---------+---------+-------+---------+---------+-------
      Total |    3341 |     858 |  20.4 |     150 |      19 |  11.2
            +---------+---------+-------+---------+---------+-------
        D:1 |      35 |       0 |   0.0 |      21 |       0 |   0.0
        D:2 |      48 |      39 |  44.8 |      10 |       3 |  23.1
        D:3 |     156 |     249 |  61.5 |      36 |       1 |   2.7
        D:4 |     371 |       0 |   0.0 |      18 |       0 |   0.0
        D:5 |     833 |       0 |   0.0 |      29 |       0 |   0.0
        D:6 |     474 |     176 |  27.1 |      16 |       1 |   5.9
        D:7 |    1384 |     223 |  13.9 |      19 |       2 |   9.5
    Abyss:2 |      40 |       0 |   0.0 |       1 |       0 |   0.0
    Ossuary |       0 |     171 | 100.0 |       0 |      12 | 100.0
            +---------+---------+-------+---------+---------+-------
